 Dungeon Crawl Stone Soup version 0.18.1-5-g4a78601 (webtiles) character file.

6852 PossumBlood the Severer (level 10, 0/94 HPs)
             Began as a Minotaur Fighter on May 11, 2016.
             Was a Believer of Okawaru.
             Slain by a vampire (10 damage)
             ... on level 9 of the Dungeon.
             The game lasted 00:17:39 (7082 turns).

PossumBlood the Severer (Minotaur Fighter)          Turns: 7082, Time: 00:17:40

Health: 0/94       AC: 10    Str: 30    XL:     10   Next: 78%
Magic:  9/9        EV:  7    Int:  5    God:    Okawaru [**....]
Gold:   413        SH: 14    Dex:  9    Spells: 0 memorised, 9 levels left

rFire  . . .     SeeInvis .     a - +2 war axe
rCold  . . .     Gourm    .     b - +0 scale mail
rNeg   . . .     Faith    .     c - +0 shield
rPois  .         Spirit   .     (helmet restricted)
rElec  .         Dismiss  .     m - +1 cloak
rCorr  .         Reflect  +     g - +0 pair of gloves
SustAt +         Harm     .     (no boots)
MR     +....                    u - +4 amulet of reflection
Stlth  ..........               l - ring of sustain attributes
                                C - ring of protection from magic

@: mighty, somewhat resistant to hostile enchantments, extremely unstealthy
A: retaliatory headbutt, horns 2
a: Heroism, Renounce Religion


You were on level 9 of the Dungeon.
You worshipped Okawaru.
Okawaru was pleased with you.
You were not hungry.

You visited 2 branches of the dungeon, and saw 10 of its levels.

You collected 413 gold pieces.

Inventory:

Hand Weapons
 a - a +2 war axe (weapon)
Missiles
 s - 8 javelins (quivered)
Armour
 b - a +0 scale mail (worn)
 c - a +0 shield (worn)
 g - a +0 pair of gloves (worn)
 m - a +1 cloak (worn)
Jewellery
 l - a ring of sustain attributes (right hand)
 o - an uncursed amulet of dismissal
 u - a +4 amulet of reflection (around neck)
 w - an uncursed ring of fire
 C - a ring of protection from magic (left hand)
Wands
 G - a wand of confusion (34/48)
 K - a wand of confusion (15/48)
Scrolls
 e - 4 scrolls of teleportation
 j - 7 scrolls of remove curse
 k - 2 scrolls of amnesia
 x - 6 scrolls of identify
 y - a scroll of vulnerability {unknown}
 B - a scroll of enchant armour
 I - a scroll of silence {unknown}
 J - a scroll of fear
Potions
 d - 2 potions of might
 h - a potion of curing
 i - 2 potions of lignification
 n - a potion of agility
 p - a potion of cure mutation {unknown}
 r - a potion of brilliance {unknown}
 t - a potion of heal wounds {unknown}
 v - 3 potions of degeneration {unknown}
 z - a potion of mutation {unknown}
 E - a potion of flight {unknown}
Books
 D - a book of Summonings

   Spells                             Type                      Level
   a - Recall                         Summoning/Translocation      3
   b - Aura of Abjuration             Summoning                    5
   c - Summon Demon                   Summoning                    5
   d - Summon Forest                  Summoning/Translocation      5
   e - Summon Mana Viper              Hexes/Summoning              5
   f - Shadow Creatures               Summoning                    6
 F - the Almanac of the Snowflakes
   (You found it on level 8 of the Dungeon)

   Spells                             Type                      Level
   a - Freeze                         Ice                          1
   b - Throw Icicle                   Conjuration/Ice              4
   c - Summon Ice Beast               Ice/Summoning                4
   d - Ice Form                       Ice/Transmutation            4
 H - a book of Beasts

   Spells                             Type                      Level
   a - Summon Butterflies             Summoning                    1
   b - Call Canine Familiar           Summoning                    3
   c - Summon Ice Beast               Ice/Summoning                4
   d - Summon Mana Viper              Hexes/Summoning              5
   e - Summon Hydra                   Summoning                    7
Comestibles
 q - 4 meat rations


   Skills:
 * Level 10.8 Fighting
 - Level 16.0 Axes
 - Level 3.6 Armour
 - Level 3.6 Shields


You had 9 spell levels left.
You didn't know any spells.

Dungeon Overview and Level Annotations

Branches:
Dungeon (9/15)             Temple (1/1) D:4            Lair (0/8) D:9
    Orc: D:9-12

Altars:
Ashenzari
Cheibriados
Dithmenos
Fedhas
Gozag
Kikubaaqudgha
Makhleb
Nemelex Xobeh
Okawaru
Pakellas
Qazlal
Ru
Sif Muna
Trog
Vehumet
Xom
Yredelemnul
Zin
The Shining One


Innate Abilities, Weirdness & Mutations

You reflexively headbutt those who attack you in melee.
You have a pair of horns on your head.


Message History

Something hits you.
* * * LOW HITPOINT WARNING * * *
Something bites you.
* * * LOW HITPOINT WARNING * * *
An adder skeleton comes into view.
Drink which item? (? for menu, Esc to quit)
You feel better. Something hits you.
* * * LOW HITPOINT WARNING * * *
Something bites you.
* * * LOW HITPOINT WARNING * * *
Drink which item? (? for menu, Esc to quit)
You feel better. Something hits you!
* * * LOW HITPOINT WARNING * * *
Something bites you.
* * * LOW HITPOINT WARNING * * *
Drink which item? (? for menu, Esc to quit)
You feel better. Something hits you.
* * * LOW HITPOINT WARNING * * *
Something bites you!
You die...

##### ### #<#.#########.#
#.#...........# #.#.#########.#
#.#.# #.# #.#.# #.####### #.#.#
#.......#
#######.#.###############.######.
..........†(†(((@{..Z............
#######.#.#.(#...)).†...#.######.
#.#.#..#.#.######.#.# ####
#.#.#..#.#.##<....#.# ....
..#.#..#.#.###†)###.. #####
#.#.#..#.####.).[.### ....#
..#.#..####...y†....# ###.#
#.#.#... #y.P........# ###.#
##.#..............#


You could see an adder skeleton.

Vanquished Creatures
  Erolcha (D:8)
  An elephant (D:9)
  Prince Ribbit (D:6)
  Sigmund (D:2)
  The ghost of dracos369 the Cutter, an amateur VSAr (D:5)
  A wyvern (D:9)
  The ghost of murphy the Ruffian, an amateur TrWr (D:6)
  A yak (D:9)
  2 hippogriffs
  A hungry ghost (D:9)
  Menkaure (D:6)
  The ghost of InterDimensionalOwl the Vandal, an amateur HaHu (D:4)
  2 water moccasins (D:7)
  Duvessa (D:6)
  2 sky beasts
  An orc warrior (D:5)
  An ice beast (D:6)
  2 ogres
  3 centaurs
  2 crocodiles (D:9)
  6 big kobolds
  2 giant frogs
  Dowan (D:6)
  A water moccasin zombie (D:6)
  2 scorpions (D:6)
  10 killer bees (D:9)
  10 wights
  A howler monkey (D:6)
  6 crimson imps
  A centaur zombie (D:8)
  A giant frog skeleton (D:4)
  7 hounds
  Crazy Yiuf (D:2)
  4 orc wizards
  3 orc priests
  An iguana (D:5)
  10 worker ants
  3 hound skeletons
  4 worker ant zombies
  4 gnolls
  A howler monkey skeleton (D:7)
  12 adders
  2 shadow imps
  An ooze (D:5)
  An adder zombie (D:3)
  2 adder skeletons
  2 worms (D:3)
  4 dart slugs
  3 giant geckos
  22 orcs
  A ball python (D:3)
  8 bats
  7 giant cockroaches
  7 goblins
  11 hobgoblins
  15 jackals
  6 quokkas
  A ball python zombie (D:3)
  A giant gecko zombie (D:7)
  4 giant newts
  57 kobolds
  2 quokka skeletons
  3 quokka zombies
  7 rats
285 creatures vanquished.

Vanquished Creatures (others)
  6 fungi (D:9)
  2 plants (D:9)
8 creatures vanquished.

Grand Total: 293 creatures vanquished

Notes
Turn   | Place    | Note
--------------------------------------------------------------
     0 | D:1      | PossumBlood the Minotaur Fighter began the quest for the Orb.
     0 | D:1      | Reached XP level 1. HP: 19/19 MP: 0/0
    69 | D:1      | Reached skill level 3 in Axes
    78 | D:1      | Reached XP level 2. HP: 19/26 MP: 1/1
   228 | D:1      | Reached skill level 4 in Axes
   259 | D:1      | Reached XP level 3. HP: 31/31 MP: 2/2
   463 | D:2      | Noticed Crazy Yiuf
   473 | D:2      | Killed Crazy Yiuf
   473 | D:2      | Reached skill level 5 in Axes
   705 | D:2      | Reached XP level 4. HP: 30/39 MP: 3/3
   939 | D:2      | Noticed Sigmund
   947 | D:2      | Killed Sigmund
   947 | D:2      | Reached skill level 7 in Axes
   947 | D:2      | Reached XP level 5. HP: 31/45 MP: 4/4
  1232 | D:2      | Reached XP level 6. HP: 49/51 MP: 5/5
  1606 | D:3      | Reached skill level 8 in Axes
  1690 | D:3      | Reached skill level 9 in Axes
  1720 | D:3      | Reached XP level 7. HP: 57/57 MP: 6/6
  2000 | D:3      | Reached skill level 10 in Axes
  2725 | D:4      | Found a bloodstained altar of Trog.
  2854 | D:4      | Found a staircase to the Ecumenical Temple.
  2871 | Temple   | Entered the Ecumenical Temple
  3024 | D:4      | Noticed InterDimensionalOwl's ghost (amateur HaHu)
  3037 | D:4      | Killed InterDimensionalOwl's ghost
  3037 | D:4      | Reached skill level 11 in Axes
  3116 | D:5      | Entered Level 5 of the Dungeon
  3121 | D:5      | Reached XP level 8. HP: 64/64 MP: 7/7
  3261 | D:5      | Found a deep blue altar of Sif Muna.
  3409 | D:5      | Reached skill level 12 in Axes
  3683 | D:5      | Noticed dracos369's ghost (amateur VSAr)
  3697 | D:5      | Killed dracos369's ghost
  3697 | D:5      | Reached skill level 13 in Axes
  3742 | D:5      | Found a shimmering altar of Xom.
  4057 | D:6      | Noticed murphy's ghost (amateur TrWr)
  4069 | D:6      | Killed murphy's ghost
  4069 | D:6      | Reached XP level 9. HP: 67/70 MP: 8/8
  4184 | D:6      | Reached skill level 14 in Axes
  4267 | D:6      | Noticed Duvessa
  4267 | D:6      | Noticed Dowan
  4277 | D:6      | Killed Duvessa
  4279 | D:6      | Killed Dowan
  4387 | D:6      | Noticed Prince Ribbit
  4396 | D:6      | Killed Prince Ribbit
  4483 | D:6      | Found a burning altar of Makhleb.
  4492 | D:6      | Found a glowing golden altar of the Shining One.
  4525 | D:6      | Noticed Menkaure
  4536 | D:6      | Killed Menkaure
  4536 | D:6      | Reached skill level 15 in Axes
  5073 | D:7      | Found an iron altar of Okawaru.
  5082 | D:7      | Became a worshipper of Warmaster Okawaru
  5224 | D:7      | Reached skill level 16 in Axes
  5585 | D:7      | Found a sparkling altar of Nemelex Xobeh.
  5646 | D:7      | Reached XP level 10. HP: 80/80 MP: 9/9
  5832 | D:8      | Noticed Erolcha
  5842 | D:8      | Killed Erolcha
  5842 | D:8      | Reached * piety under Okawaru
  5906 | D:8      | Identified the Almanac of the Snowflakes
  6619 | D:9      | Found a staircase to the Lair.
  6619 | D:9      | Noticed an elephant
  6627 | D:9      | Reached ** piety under Okawaru
  6638 | D:9      | Killed an elephant
  6826 | D:9      | Reached skill level 10 in Fighting
  7081 | D:9      | HP: 3/94 [something (4)]
  7082 | D:9      | Slain by a vampire

Skill      XL: |  1  2  3  4  5  6  7  8  9 10 |
---------------+-------------------------------+-----
Axes           | 3 4 5 7 9 11 13 16 | 16.0
Fighting       | 4 10 | 10.8
Armour         | |  3.6
Shields        | |  3.6

Action                   |  1- 3 |  4- 6 |  7- 9 | 10-12 || total
-------------------------+-------+-------+-------+-------++-------
Melee: War axe           |    66 |   161 |   405 |   163 ||   795
       Headbutt          |     7 |    24 |    66 |    31 ||   128
  Use: Scroll            |       |       |    17 |       ||    17
       Potion            |       |       |       |     6 ||     6
  Eat: Bread ration      |       |     1 |     3 |     1 ||     5
       Fruit             |       |       |       |     2 ||     2
Armor: Scale mail        |    21 |    77 |   105 |    40 ||   243
Dodge: Dodged            |    26 |    38 |    85 |    27 ||   176
Block: Shield            |    27 |    93 |   219 |    97 ||   436
       Reflection        |       |       |    11 |     2 ||    13
